AoeStats
← JAQUY

Arabia

510354027Analyzed
2v2 RM · 2d ago on Sep 30, 2026· 47m 39s· 4 players
Game mode
Random Map
Map size
Medium (4 player)
Population
200
Speed
Normal
Resources
Standard
Victory
Conquest
Starting age
Dark Age
Ending age
Imperial Age
RankedLock teamsTeams togetherTeam positionsShared explorationLock speedFull tech treeHidden civsTurbo modeCheats
Victory
Defeat
🇫🇷 Magyars · France
803
+14
🇫🇷 Vietnamese · France
737
+18
🇹🇷 Lithuanians · Türkiye
789
-17
🇮🇹 Turks · Italy
740
-15
Dubleb20
4:53 Loom
11:09 Feudal Age
12:09 Double-Bit Axe
15:47 Fletching
18:34 Padded Archer Armor
25:46 Castle Age
24:31 Scale Mail Armor
25:44 Forging
27:30 Thumb Ring
28:11 Crossbowman
29:01 Husbandry
29:48 Pikeman
30:30 Squires
32:38 Scale Barding Armor
34:23 Ballistics
40:46 Imperial Age
38:53 Horse Collar
42:18 Bloodlines
41:29 Light Cavalry
44:22 Chemistry
43:35 Bodkin Arrow
45:08 Arson
45:11 Arbalester
JAQUY
8:11 Loom
11:17 Feudal Age
12:05 Double-Bit Axe
12:37 Horse Collar
15:21 Scale Barding Armor
17:39 Wheelbarrow
21:35 Castle Age
21:00 Bloodlines
20:51 Gold Mining
20:53 Stone Mining
20:59 Fletching
22:44 Bow Saw
23:29 Chain Barding Armor
23:37 Husbandry
26:03 Padded Archer Armor
26:29 Pikeman
28:45 Ballistics
28:23 Bodkin Arrow
28:44 Leather Archer Armor
28:32 Scale Mail Armor
33:28 Chain Mail Armor
38:11 Imperial Age
37:08 Thumb Ring
40:42 Hand Cart
40:07 Cavalier
43:35 Chemistry
42:38 Bracer
43:23 Parthian Tactics
43:43 Recurve Bow
44:05 Conscription
44:01 Halberdier
Luke91
4:35 Loom
10:36 Feudal Age
10:59 Horse Collar
11:07 Double-Bit Axe
16:23 Wheelbarrow
19:07 Gold Mining
20:33 Fletching
20:49 Padded Archer Armor
20:44 Town Watch
21:45 Bloodlines
24:20 Stone Mining
27:58 Castle Age
28:50 Scale Barding Armor
28:48 Scale Mail Armor
28:58 Forging
28:11 Man-at-Arms
28:37 Arson
29:14 Heavy Plow
30:07 Caravan
30:21 Bow Saw
30:50 Caravan
33:04 Gold Shaft Mining
32:51 Hand Cart
35:42 Coinage
36:53 Town Patrol
38:26 Ballistics
40:50 Imperial Age
38:52 Fortified Wall
38:38 Murder Holes
39:33 Fervor
39:33 Redemption
39:08 Crossbowman
39:54 Thumb Ring
39:10 Long Swordsman
41:44 Sipahi
42:14 Masonry
41:45 Treadmill Crane
41:56 Guard Tower
fahre
6:57 Loom
12:04 Feudal Age
12:38 Horse Collar
12:47 Double-Bit Axe
20:10 Gold Mining
19:55 Man-at-Arms
21:05 Stone Mining
21:31 Forging
21:27 Scale Barding Armor
25:38 Castle Age
24:39 Bloodlines
28:17 Murder Holes
34:55 Husbandry
35:28 Pikeman
36:09 Squires
38:20 Wheelbarrow
37:31 Town Watch
38:26 Stone Shaft Mining
40:36 Ballistics
42:13 Light Cavalry
Connection lost

Rejoining the realm…

Still unreachable

The connection could not be restored.

Session expired

The server has moved on; the page needs a fresh start.